TOP OF THE 1ST |
Scranton Supernovas batting - Pitching for Viola Spearheads : RHP Michael Swanson
|
Pitching: RHP Michael Swanson
|
|
Batting: RHB Jesús Orozco
|
0-0: Ball 1-0: Ball 2-0: Called Strike 2-1: Ball 3-1: Foul Ball, location: 2F 3-2: Base on Balls
|
Batting: RHB Ryan Simpson
|
0-0: Called Strike 0-1: Ball Jesús Orozco steals 2nd base 1-1: Swinging Strike 1-2: Strikes out swinging
|
Batting: RHB Cris López
|
0-0: Called Strike 0-1: Foul Ball, location: 2F 0-2: Strikes out swinging
|
Batting: RHB Joe Smith
|
0-0: Ball 1-0: Foul Ball, location: 2F 1-1: Called Strike 1-2: Ball 2-2: Fly out, F7 (Flyball, 7D)
|
Top of the 1st over - 0 run(s), 0 hit(s), 0 error(s), 1 left on base; Scranton 0 - Viola 0 |
BOTTOM OF THE 1ST |
Viola Spearheads batting - Pitching for Scranton Supernovas : LHP Felipe Gutiérrez
|
Pitching: LHP Felipe Gutiérrez
|
|
Batting: LHB Keith Gardner
|
0-0: Called Strike 0-1: Ball 1-1: Swinging Strike 1-2: SOLO HOME RUN (Flyball, 9D), Distance : 375 ft
|
Batting: RHB Trevor Gardner
|
0-0: Ball 1-0: Called Strike 1-1: Ground out 5-3 (Groundball, 56)
|
Batting: RHB Steffen Taylor
|
0-0: Called Strike 0-1: Ball 1-1: Ball 2-1: Called Strike 2-2: Ball 3-2: Strikes out swinging
|
Batting: RHB Bill Newsome
|
0-0: Ball 1-0: Ball 2-0: Fly out, F7 (Flyball, 7D)
|
Bottom of the 1st over - 1 run(s), 1 hit(s), 0 error(s), 0 left on base; Scranton 0 - Viola 1 |
TOP OF THE 2ND |
Scranton Supernovas batting - Pitching for Viola Spearheads : RHP Michael Swanson
|
Batting: RHB Jerome Wilson
|
0-0: Fly out, F9 (Flyball, 89M)
|
Batting: RHB Matt Brown
|
0-0: Ball 1-0: Fly out, F8 (Flyball, 8RM)
|
Batting: RHB Jesús Rodríguez
|
0-0: Called Strike 0-1: Ball 1-1: Ball 2-1: Fly out, F7 (Flyball, 7M)
|
Top of the 2nd over - 0 run(s), 0 hit(s), 0 error(s), 0 left on base; Scranton 0 - Viola 1 |
BOTTOM OF THE 2ND |
Viola Spearheads batting - Pitching for Scranton Supernovas : LHP Felipe Gutiérrez
|
Batting: RHB Thomas Teague
|
0-0: Ball 1-0: Foul Ball, location: 2F 1-1: SINGLE (Groundball, 56D)
|
Batting: RHB Ángel González
|
0-0: Called Strike 0-1: Ball 1-1: Ball 2-1: Called Strike 2-2: Foul Ball, location: 2F 2-2: SINGLE (Line Drive, 6MD) Thomas Teague to second
|
Batting: RHB Pedro Sánchez
|
0-0: Fly out, F7 (Popup, 6D)
|
Batting: RHB Michael Bucknell
|
0-0: Foul Ball, location: 2F 0-1: Foul Ball, location: 2F 0-2: Strikes out swinging
|
Batting: RHB Jim Unknown
|
0-0: SINGLE (Groundball, 5D) Thomas Teague to third Ángel González to second Runner from 3rd tries for Home, SAFE, no throw or cutoff
|
Batting: LHB Keith Gardner
|
0-0: Ball 1-0: Swinging Strike 1-1: Ball 2-1: Foul Ball, location: 2F 2-2: Ground out 4-3 (Groundball, 4)
|
Bottom of the 2nd over - 1 run(s), 3 hit(s), 0 error(s), 2 left on base; Scranton 0 - Viola 2 |
TOP OF THE 3RD |
Scranton Supernovas batting - Pitching for Viola Spearheads : RHP Michael Swanson
|
Batting: RHB Thomas Campbell
|
0-0: Ball 1-0: Ball 2-0: Swinging Strike 2-1: Foul Ball, location: 2F 2-2: Strikes out swinging
|
Batting: RHB Ethan Stanford
|
0-0: Ball 1-0: Ball 2-0: Called Strike 2-1: Foul Ball, location: 2F 2-2: Strikes out looking
|
Batting: RHB Jesús Orozco
|
0-0: Foul Ball, location: 2F 0-1: Ball 1-1: Ball 2-1: Ball 3-1: Base on Balls
|
Batting: RHB Ryan Simpson
|
0-0: Ball Jesús Orozco is caught stealing 2nd base
|
Top of the 3rd over - 0 run(s), 0 hit(s), 0 error(s), 0 left on base; Scranton 0 - Viola 2 |
BOTTOM OF THE 3RD |
Viola Spearheads batting - Pitching for Scranton Supernovas : LHP Felipe Gutiérrez
|
Batting: RHB Trevor Gardner
|
0-0: Ball 1-0: Ball 2-0: Called Strike 2-1: Foul Ball, location: 2F 2-2: SINGLE (Groundball, 5L)
|
Batting: RHB Steffen Taylor
|
0-0: Called Strike 0-1: SINGLE (Line Drive, 6M) Trevor Gardner to second
|
Batting: RHB Bill Newsome
|
0-0: Ball 1-0: Called Strike 1-1: Ball 2-1: Ball 3-1: Base on Balls Trevor Gardner to third Steffen Taylor to second
|
Batting: RHB Thomas Teague
|
0-0: Called Strike 0-1: Ball 1-1: Called Strike 1-2: Strikes out swinging
|
Batting: RHB Ángel González
|
0-0: SINGLE (Groundball, 34) Trevor Gardner scores Steffen Taylor to third Bill Newsome to second Runner from 3rd tries for Home, throw and OUT!
|
Batting: RHB Pedro Sánchez
|
0-0: Foul Ball, location: 2F 0-1: Foul Ball, location: 2F 0-2: Ball 1-2: Foul Ball, location: 2F 1-2: Ball 2-2: Foul Ball, location: 2F 2-2: Strikes out swinging
|
Bottom of the 3rd over - 1 run(s), 3 hit(s), 0 error(s), 2 left on base; Scranton 0 - Viola 3 |
TOP OF THE 4TH |
Scranton Supernovas batting - Pitching for Viola Spearheads : RHP Michael Swanson
|
Batting: RHB Ryan Simpson
|
0-0: SINGLE (Line Drive, 6M)
|
Batting: RHB Cris López
|
0-0: Called Strike Ryan Simpson steals 2nd base 0-1: Called Strike 0-2: Ball 1-2: DOUBLE (Line Drive, 7D) Ryan Simpson scores
|
Batting: RHB Joe Smith
|
0-0: Called Strike 0-1: Ball Wild Pitch! Cris López to third 1-1: Ball 2-1: Ball 3-1: Ground out 3-1 (Groundball, 34) Cris López scores
|
Batting: RHB Jerome Wilson
|
0-0: Ball 1-0: Ground out 6-3 (Groundball, 6)
|
Batting: RHB Matt Brown
|
0-0: Ball 1-0: SINGLE (Groundball, 34D)
|
Batting: RHB Jesús Rodríguez
|
0-0: Foul Ball, location: 2F 0-1: Ball 1-1: Called Strike 1-2: Ball 2-2: Strikes out swinging
|
Top of the 4th over - 2 run(s), 3 hit(s), 0 error(s), 1 left on base; Scranton 2 - Viola 3 |
BOTTOM OF THE 4TH |
Viola Spearheads batting - Pitching for Scranton Supernovas : LHP Felipe Gutiérrez
|
Batting: RHB Michael Bucknell
|
0-0: Ball 1-0: Called Strike 1-1: Ball 2-1: Called Strike 2-2: Strikes out swinging
|
Batting: RHB Jim Unknown
|
0-0: Called Strike 0-1: Foul Ball, location: 2F 0-2: Strikes out looking
|
Batting: LHB Keith Gardner
|
0-0: Called Strike 0-1: Foul Ball, location: 2F 0-2: Strikes out swinging
|
Bottom of the 4th over - 0 run(s), 0 hit(s), 0 error(s), 0 left on base; Scranton 2 - Viola 3 |
TOP OF THE 5TH |
Scranton Supernovas batting - Pitching for Viola Spearheads : RHP Michael Swanson
|
Batting: RHB Thomas Campbell
|
0-0: Called Strike 0-1: Ball 1-1: SINGLE (Line Drive, 4D)
|
Batting: RHB Ethan Stanford
|
0-0: Reached on error, E6 (Groundball, 6) Thomas Campbell to second
|
Batting: RHB Jesús Orozco
|
0-0: Sac Bunt - play at first, batter OUT! U3 Thomas Campbell to third Ethan Stanford to second
|
Batting: RHB Ryan Simpson
|
0-0: Called Strike 0-1: Ball 1-1: Fly out, F7 (Flyball, 7D) Runner from 3rd tags up, SCORES, no throw Ethan Stanford to third
|
Batting: RHB Cris López
|
0-0: Called Strike 0-1: Ground out 5-3 (Groundball, 56S)
|
Top of the 5th over - 1 run(s), 1 hit(s), 1 error(s), 1 left on base; Scranton 3 - Viola 3 |
BOTTOM OF THE 5TH |
Viola Spearheads batting - Pitching for Scranton Supernovas : LHP Felipe Gutiérrez
|
Batting: RHB Trevor Gardner
|
0-0: Ball 1-0: Ground out 4-3 (Groundball, 4)
|
Batting: RHB Steffen Taylor
|
0-0: Fly out, F5 (Popup, 5L)
|
Batting: RHB Bill Newsome
|
0-0: Ball 1-0: Ball 2-0: Called Strike 2-1: Foul Ball, location: 2F 2-2: Foul Ball, location: 2F 2-2: Foul Ball, location: 2F 2-2: Ball 3-2: Foul Ball, location: 2F 3-2: Strikes out swinging
|
Bottom of the 5th over - 0 run(s), 0 hit(s), 0 error(s), 0 left on base; Scranton 3 - Viola 3 |
TOP OF THE 6TH |
Scranton Supernovas batting - Pitching for Viola Spearheads : RHP Michael Swanson
|
Batting: RHB Joe Smith
|
0-0: Ground out 4-3 (Groundball, 4)
|
Batting: RHB Jerome Wilson
|
0-0: Ball 1-0: Ball 2-0: Ball 3-0: Called Strike 3-1: SINGLE (Groundball, 6MD)
|
Batting: RHB Matt Brown
|
0-0: Ball 1-0: Ball 2-0: Swinging Strike 2-1: Ball 3-1: Called Strike 3-2: SINGLE (Line Drive, 6D) Jerome Wilson to second
|
Batting: RHB Jesús Rodríguez
|
0-0: Foul Ball, location: 2F 0-1: Foul Ball, location: 2F 0-2: Strikes out swinging
|
Batting: RHB Thomas Campbell
|
0-0: SINGLE (Flyball, 9LS) Jerome Wilson to third Matt Brown to second Runner from 3rd tries for Home, SAFE, no throw or cutoff
|
Batting: RHB Ethan Stanford
|
0-0: Ground out 5-3 (Groundball, 5S)
|
Top of the 6th over - 1 run(s), 3 hit(s), 0 error(s), 2 left on base; Scranton 4 - Viola 3 |
BOTTOM OF THE 6TH |
Viola Spearheads batting - Pitching for Scranton Supernovas : LHP Felipe Gutiérrez
|
Batting: RHB Thomas Teague
|
0-0: Ball 1-0: SOLO HOME RUN (Line Drive, 7LD), Distance : 390 ft
|
Batting: RHB Ángel González
|
0-0: Called Strike 0-1: Fly out, F7 (Flyball, 7LM)
|
Batting: RHB Pedro Sánchez
|
0-0: Called Strike 0-1: Fly out, F9 (Flyball, 89XD)
|
Batting: RHB Michael Bucknell
|
0-0: Ball 1-0: Foul Ball, location: 2F 1-1: Swinging Strike 1-2: Foul Ball, location: 2F 1-2: Ball 2-2: Ball 3-2: Foul Ball, location: 2F 3-2: Strikes out swinging
|
Bottom of the 6th over - 1 run(s), 1 hit(s), 0 error(s), 0 left on base; Scranton 4 - Viola 4 |
TOP OF THE 7TH |
Scranton Supernovas batting - Pitching for Viola Spearheads : RHP Michael Swanson
|
Batting: RHB Jesús Orozco
|
0-0: Ball 1-0: Called Strike 1-1: Fly out, F8 (Flyball, 8RM)
|
Batting: RHB Ryan Simpson
|
0-0: Ball 1-0: SINGLE (Groundball, 56D)
|
Batting: RHB Cris López
|
0-0: Swinging Strike 0-1: Fly out, F9 (Flyball, 89M)
|
Batting: RHB Joe Smith
|
0-0: Fly out, F7 (Flyball, 7M)
|
Top of the 7th over - 0 run(s), 1 hit(s), 0 error(s), 1 left on base; Scranton 4 - Viola 4 |
BOTTOM OF THE 7TH |
Viola Spearheads batting - Pitching for Scranton Supernovas : LHP Felipe Gutiérrez
|
Batting: RHB Jim Unknown
|
0-0: Ball 1-0: Foul Ball, location: 2F 1-1: Ground out 6-3 (Groundball, 6M)
|
Pinch Hitting: RHB Jim Unknown
|
0-0: Called Strike 0-1: Ball 1-1: Ball 2-1: Fly out, F4 (Line Drive, 4M)
|
Batting: RHB Trevor Gardner
|
0-0: Ball 1-0: Ball 2-0: Ball 3-0: Base on Balls
|
Batting: RHB Steffen Taylor
|
0-0: Foul Ball, location: 2F 0-1: Ball 1-1: Foul Ball, location: 2F 1-2: 2-RUN HOME RUN (Flyball, 78XD), Distance : 437 ft
|
Batting: RHB Bill Newsome
|
0-0: Called Strike 0-1: Ball 1-1: Ball 2-1: SINGLE (Line Drive, 34D)
|
Pitching: RHP Jim Unknown
|
|
Batting: RHB Thomas Teague
|
0-0: Called Strike 0-1: Ball 1-1: Ball 2-1: Swinging Strike 2-2: Strikes out swinging
|
Bottom of the 7th over - 2 run(s), 2 hit(s), 0 error(s), 1 left on base; Scranton 4 - Viola 6 |
TOP OF THE 8TH |
Scranton Supernovas batting - Pitching for Viola Spearheads : RHP Michael Swanson
|
Pitching: RHP Jim Unknown
|
|
Now in RF: Jim Unknown
|
|
Batting: RHB Jerome Wilson
|
0-0: Foul Ball, location: 2F 0-1: Ball 1-1: Called Strike 1-2: Foul Ball, location: 2F 1-2: Strikes out looking
|
Batting: RHB Matt Brown
|
0-0: Swinging Strike 0-1: Fly out, F7 (Flyball, 78M)
|
Batting: RHB Jesús Rodríguez
|
0-0: Ball 1-0: Foul Ball, location: 2F 1-1: Foul Ball, location: 2F 1-2: Ball 2-2: Ball 3-2: Foul Ball, location: 2F 3-2: SINGLE (Groundball, 6)
|
Batting: RHB Thomas Campbell
|
0-0: Ball 1-0: Called Strike 1-1: SINGLE (Groundball, 25) (infield hit) Jesús Rodríguez to second
|
Pinch Hitting: RHB Lance Davis
|
0-0: Foul Ball, location: 2F 0-1: Ball 1-1: SINGLE (Groundball, 56D) Jesús Rodríguez to third Thomas Campbell to second Runner from 3rd tries for Home, SAFE, throw made at trailing runner, SAFE at third!
|
Batting: RHB Jesús Orozco
|
0-0: Ball 1-0: Called Strike 1-1: Ball 2-1: Ball 3-1: Foul Ball, location: 2F 3-2: Ground out 4-3 (Groundball, 4M)
|
Top of the 8th over - 1 run(s), 3 hit(s), 0 error(s), 2 left on base; Scranton 5 - Viola 6 |
BOTTOM OF THE 8TH |
Viola Spearheads batting - Pitching for Scranton Supernovas : RHP Jim Unknown
|
Now in RF: Lance Davis
|
|
Batting: RHB Ángel González
|
0-0: Ball 1-0: Swinging Strike 1-1: Foul Ball, location: 2F 1-2: Foul Ball, location: 2F 1-2: Ball 2-2: Strikes out swinging
|
Batting: RHB Pedro Sánchez
|
0-0: Ball 1-0: Reached on error, E6 (Groundball, 6)
|
Batting: RHB Michael Bucknell
|
0-0: Ball 1-0: Ball 2-0: Called Strike 2-1: Grounds into double play, 4-6-3 (Groundball, 34)
|
Bottom of the 8th over - 0 run(s), 0 hit(s), 1 error(s), 0 left on base; Scranton 5 - Viola 6 |
TOP OF THE 9TH |
Scranton Supernovas batting - Pitching for Viola Spearheads : RHP Jim Unknown
|
Batting: RHB Ryan Simpson
|
0-0: Called Strike 0-1: Ball 1-1: Ball 2-1: Foul Ball, location: 2F 2-2: Foul Ball, location: 2F 2-2: SINGLE (Line Drive, 8LS)
|
Batting: RHB Cris López
|
0-0: Ball 1-0: Ball 2-0: Ball 3-0: Base on Balls Ryan Simpson to second
|
Batting: RHB Joe Smith
|
0-0: Called Strike 0-1: Ball 1-1: Foul Ball, location: 2F 1-2: Strikes out looking
|
Batting: RHB Jerome Wilson
|
0-0: Ball 1-0: Foul Ball, location: 2F 1-1: Foul Ball, location: 2F 1-2: Ball 2-2: Foul Ball, location: 2F 2-2: Fly out, F8 (Line Drive, 8RS)
|
Pinch Hitting: LHB Francisco Ortega
|
0-0: Called Strike 0-1: Swinging Strike 0-2: Ball 1-2: Strikes out swinging
|
Top of the 9th over - 0 run(s), 1 hit(s), 0 error(s), 2 left on base; Scranton 5 - Viola 6 |
|